 Dungeon Crawl Stone Soup version 0.24.0-13-gcf9b3192b9 (webtiles) character file.

Game seed: 16032723628167967791, levelgen mode: deterministic

3129 Gumption the Conjurer (level 9, -4/68 HPs)
             Began as a Demonspawn Ice Elementalist on Nov 9, 2019.
             Was a Follower of Vehumet.
             Killed by nerve-wracking pain
             ... invoked by an orc priest
              (12 damage)
             ... on level 8 of the Dungeon.
             The game lasted 01:10:08 (9052 turns).

Gumption the Conjurer (Demonspawn Ice Elementalist) Turns: 9052, Time: 01:10:09

Health: -4/68      AC:  3    Str:  9    XL:     9   Next: 61%
Magic:  17/25      EV: 15    Int: 19    God:    Vehumet [*.....]
Gold:   339        SH:  6    Dex: 14    Spells: 3/18 levels left

rFire    . . .     SeeInvis .   a - +5 whip (elec)
rCold    . . .     Gourm    .   u - +1 buckler
rNeg     . . .     Faith    .   v - +0 leather armour
rPois    .         Spirit   .   (no helmet)
rElec    .         Reflect  .   (no cloak)
rCorr    .         Harm     .   (no gloves)
MR       .....                  (no boots)
Stlth    ++........             r - amulet of regeneration
HPRegen  0.61/turn              o - ring of magical power
MPRegen  0.19/turn              (no ring)

@: repel missiles
A: talons 1, repulsion field 3
a: Renounce Religion


You were on level 8 of the Dungeon.
You worshipped Vehumet.
Vehumet was aware of your devotion.
You were not hungry.

You visited 2 branches of the dungeon, and saw 9 of its levels.
You also visited: Sewer.

You collected 339 gold pieces.

Inventory:

Hand Weapons
 a - a +5 whip of electrocution (weapon)
 b - a +0 hunting sling
 w - a +1 short sword of speed
Missiles
 d - 14 sling bullets
 g - 26 poisoned darts
 n - 210 stones
 y - 14 boomerangs (quivered)
Armour
 l - the +5 shield of Gehenna {rPois Str+4 Int-4 Slay+3}
   (You acquired it on level 7 of the Dungeon)

   It affects your strength (+4).
   It affects your intelligence (-4).
   It affects your accuracy and damage with ranged weapons and melee attacks
   (+3).
   It protects you from poison.
 u - a +1 buckler (worn)
 v - a +0 leather armour (worn)
Jewellery
 o - a ring of magical power (left hand)
 r - an amulet of regeneration (around neck)
 z - an uncursed amulet of the acrobat
Wands
 i - a wand of polymorph (11)
Scrolls
 j - 2 scrolls of enchant armour
 k - 2 scrolls of blinking {unknown}
 m - 5 scrolls of teleportation
 D - a scroll of remove curse
 E - a scroll of immolation {unknown}
Potions
 c - 3 potions of brilliance
 f - 2 potions of magic
 h - 2 potions of flight {unknown}
 p - a potion of resistance {unknown}
 q - 2 potions of invisibility
 s - 2 potions of haste
 t - 4 potions of curing {unknown}
 x - a potion of berserk rage {unknown}
 A - 2 potions of cancellation {unknown}
 C - a potion of heal wounds {unknown}
Comestibles
 e - 15 rations
 B - 3 chunks of flesh


   Skills:
 + Level 5.0 Fighting
 - Level 1.7 Dodging
 - Level 1.7 Stealth
 * Level 4.8 Shields
 + Level 5.2 Spellcasting
 * Level 7.1 Conjurations
 + Level 2.9 Summonings
 - Level 6.0 Ice Magic


You had 3 spell levels left.
You knew the following spells:

 Your Spells              Type           Power        Failure   Level  Hunger
a - Throw Frost           Conj/Ice       ####..       1%          2    None
b - Ozocubu's Armour      Chrm/Ice       ###.....     16%         3    ##.....
c - Freeze                Ice            ####         1%          1    None
d - Throw Icicle          Conj/Ice       ####....     11%         4    ####...
e - Summon Ice Beast      Ice/Summ       ###.....     26%         4    ####...
f - Sting                 Conj/Pois      ###.         4%          1    None

Your spell library contained the following spells:

 Spells                   Type           Power        Failure   Level  Hunger


Dungeon Overview and Level Annotations

Branches:
Dungeon (8/15)             Temple (1/1) D:6           Sewer (visited)
   Lair: D:8-11

Altars:
Ashenzari
Cheibriados
Dithmenos
Elyvilon
Fedhas
Gozag
Hepliaklqana
Kikubaaqudgha
Makhleb
Nemelex Xobeh
Okawaru
Qazlal
Ru
Sif Muna
Trog
Uskayaw
Vehumet
Wu Jian
Xom
Yredelemnul
Zin
The Shining One

Shops:
D:6 }   D:7 }

Annotations:
D:8 Harold


Innate Abilities, Weirdness & Mutations

You have sharp toenails.
You are surrounded by a strong repulsion field. (EV +4, RMsl)


Message History

You block the orc's attack. The orc priest barely misses you.
The orc warrior barely misses you.
You hit the orc warrior. You claw the orc warrior.
The orc warrior is heavily wounded.
The orc hits you from afar with a +0 trident.
* * * LOW HITPOINT WARNING * * *
The orc priest casts a cantrip, but nothing happens.
The orc warrior hits you with a +0 war axe!
* * * LOW HITPOINT WARNING * * *
You hit the orc warrior but do no damage.
Lightning courses through the orc warrior!!
You kill the orc warrior!
Vehumet accepts your kill.
The orc wizard hits you with a cursed -3 dagger.
* * * LOW HITPOINT WARNING * * *
The orc hits you from afar with a +0 trident.
* * * LOW HITPOINT WARNING * * *
The orc priest invokes the aid of Beogh against you.
Pain shoots through your body!
You die...

######.###### ##
............# ##..
............# ....
............## .....
##...........# #.....
###.........# #......
########..####.o.....
##..##ooo.....
##..)@#...o.. ##..##


oo... ##.# .... ##.# ... #..# .. #..# # ##.# #..# #..# You could see an orc
priest, an orc wizard and 2 orcs.

Vanquished Creatures
  A hungry ghost (D:7)
  3 orc warriors
  3 ice beasts
  A black bear (D:7)
  3 centaurs
  A phantom (D:6)
  2 ogres
  A necrophage (D:5)
  9 big kobolds
  2 bullfrogs
  4 scorpions
  A centaur zombie (D:7)
  A bullfrog zombie (D:7)
  A jelly (D:7)
  3 hounds
  4 orc wizards
  A gnoll shaman (D:4)
  2 orc priests
  A centaur skeleton (D:4)
  3 worker ants
  2 hound skeletons
  13 adders
  5 gnolls (D:5)
  A river rat (D:3)
  3 shadow imps
  3 oozes (Sewer)
  11 worms
  A dart slug (D:2)
  A leopard gecko (D:3)
  21 orcs
  3 ball pythons
  2 giant cockroaches
  5 goblins
  8 hobgoblins
  2 jackals (D:6)
  17 kobolds
  A quokka (D:2)
  5 bats
  3 frilled lizards
  A leopard gecko zombie (D:6)
  A quokka zombie (D:7)
  6 rats
162 creatures vanquished.

Notes
Turn   | Place    | Note
-------+----------+-------------------------------------------
     0 | D:1      | Gumption the Demonspawn Ice Elementalist began the quest
                  | for the Orb.
     0 | D:1      | Reached XP level 1. HP: 13/13 MP: 3/3
  1067 | D:2      | Gained mutation: You are surrounded by a mild repulsion
                  | field. (EV +2) [demonic ancestry]
  1067 | D:2      | Reached XP level 2. HP: 20/20 MP: 5/5
  1071 | D:2      | Learned a level 2 spell: Throw Frost
  1155 | D:2      | Reached skill level 1 in Fighting
  1259 | D:2      | Gained mutation: You are surrounded by a moderate repulsion
                  | field. (EV +3) [demonic ancestry]
  1259 | D:2      | Reached XP level 3. HP: 9/26 MP: 6/6
  2445 | D:2      | Learned a level 3 spell: Ozocubu's Armour
  2481 | D:3      | Reached XP level 4. HP: 27/32 MP: 3/7
  2608 | D:3      | Found a glowing drain.
  2628 | Sewer    | Entered a sewer
  2915 | Sewer    | Noticed a big kobold
  2936 | Sewer    | Killed a big kobold
  2936 | Sewer    | Reached skill level 2 in Conjurations
  2936 | Sewer    | Reached XP level 5. HP: 18/38 MP: 9/9
  3164 | Sewer    | Gained mutation: You are surrounded by a strong repulsion
                  | field. (EV +4, RMsl) [demonic ancestry]
  3164 | Sewer    | Reached XP level 6. HP: 31/46 MP: 7/10
  3194 | Sewer    | Reached skill level 3 in Conjurations
  3762 | Sewer    | Reached skill level 5 in Ice Magic
  3762 | Sewer    | Gained mutation: You have sharp toenails. [demonic
                  | ancestry]
  3762 | Sewer    | Reached XP level 7. HP: 51/51 MP: 7/12
  3807 | Sewer    | Reached skill level 4 in Conjurations
  3962 | D:3      | Learned a level 4 spell: Throw Icicle
  4849 | D:4      | Reached skill level 1 in Shields
  5156 | D:4      | Reached XP level 8. HP: 58/58 MP: 9/13
  5291 | D:4      | Found a glowing golden altar of the Shining One.
  5724 | D:5      | Entered Level 5 of the Dungeon
  5741 | D:5      | Reached skill level 5 in Conjurations
  6492 | D:5      | Learned a level 4 spell: Summon Ice Beast
  6780 | D:6      | Found a staircase to the Ecumenical Temple.
  6790 | Temple   | Entered the Ecumenical Temple
  6992 | Temple   | Became a worshipper of Vehumet
  7143 | D:6      | Reached skill level 1 in Summonings
  7197 | D:6      | Reached skill level 6 in Conjurations
  7390 | D:6      | Found Luntuat's Gadget Emporium.
  7615 | D:7      | Got a fine broad axe
  7619 | D:7      | Identified a scroll of acquirement
  7620 | D:7      | Got a faintly glowing shield
  7631 | D:7      | Identified the +5 shield of Gehenna {rPois Str+4 Int-4
                  | Slay+3} (You acquired it on level 7 of the Dungeon)
  7660 | D:7      | Reached XP level 9. HP: 58/66 MP: 10/16
  7748 | D:7      | Identified the cursed +0 broad axe of Cowardice {chop,
                  | Str+2} (You found it on level 7 of the Dungeon)
  8171 | D:7      | Reached skill level 5 in Spellcasting
  8174 | D:7      | Reached * piety under Vehumet
  8174 | D:7      | Offered knowledge of Sting by Vehumet.
  8177 | D:7      | Learned a level 1 spell: Sting
  8537 | D:7      | Found Nexkeil's Gadget Boutique.
  8925 | D:7      | Reached skill level 7 in Conjurations
  8931 | D:7      | Found an opulent altar of Gozag.
  8936 | D:7      | Found a shadowy altar of Dithmenos.
  8939 | D:7      | Found a shimmering altar of Xom.
  8979 | D:8      | Noticed Harold
  9003 | D:8      | Reached skill level 5 in Fighting
  9052 | D:8      | Killed from afar by an orc priest

Levels and vault maps discovered:
D:1:      minmay_arrival_radiant_lines, layout_basic, st_stairs_6
D:2:      layout_basic, dk_vineyard_3
D:3:      layout_loops_ring, portal_sewer_entry_a
D:4:      layout_basic, first_ration, tso_altar
D:5:      minmay_general_purpose_star, layout_cave_pools, abandoned_shop
D:6:      layout_basic, minmay_temple_entry_poolview, serial_shops, shop,
          hangedman_decor_riveting
D:7:      layout_cave_pods, minmay_overflow_temple_star_quad, serial_shops,
          nicolae_shop_competitors_out_of_business
D:8:      layout_cave_pods, uniq_harold
Temple:   regret_index_temple_mists

Skill      XL: |  1  2  3  4  5  6  7  8  9 |
---------------+----------------------------+-----
Ice Magic      | 3 4 5 6 |  6.0
Fighting       | 1 2 3 4 5 |  5.0
Conjurations   | 2 3 4 6 7 |  7.1
Spellcasting   | 3 4 5 |  5.2
Shields        | 1 3 4 |  4.8
Summonings     | 1 2 |  2.9
Dodging        | |  1.7
Stealth        | |  1.7

Action                   |  1- 3 |  4- 6 |  7- 9 || total
-------------------------+-------+-------+-------++-------
Melee: Short sword       |     6 |       |       ||     6
       Whip              |    46 |    80 |   240 ||   366
       Kick              |       |       |    48 ||    48
 Fire: Hunting sling     |       |       |    13 ||    13
Throw: Dart              |    44 |    89 |    76 ||   209
       Boomerang         |       |       |    19 ||    19
 Cast: Freeze            |     9 |     7 |    12 ||    28
       Throw Frost       |     3 |    10 |   105 ||   118
  Use: Scroll            |     1 |     2 |    14 ||    17
 Stab: Sleeping          |     3 |       |     1 ||     4
  Eat: Chunk             |     5 |     4 |    21 ||    30
       Ration            |       |       |     1 ||     1
Armor: Robe              |     5 |     9 |       ||    14
       Leather armour    |       |       |    18 ||    18
Dodge: Dodged            |    50 |    61 |   164 ||   275
       Deflected         |       |     3 |     4 ||     7
Block: Buckler           |       |       |    70 ||    70
